San Jose Sharks vs Anaheim Ducks

Created - Wednesday, February 25, 2026 at 07:30

Goals
1 2 3 T
San Jose Sharks 0 1 0 1
Anaheim Ducks 2 0 0 2
Shots
1 2 3 T
San Jose Sharks 12 10 12 34
Anaheim Ducks 7 5 13 25

1st period

1. Anaheim Ducks , John Tavares 18 (William Nylander 23) at 4:04
2. Anaheim Ducks , Will Cuylle 5 (Morgan Rielly 23) at 16:40

Penalties :
No Penalty

2nd period

3. San Jose Sharks , Alexander Wennberg 16 (Morgan Geekie 17) at 9:48

Penalties :
Connor Murphy (SJS) for Hooking (Minor) at 0:03, Oliver Ekman-Larsson (SJS) for Roughing (Minor) at 7:02, Anthony Beauvillier (SJS) for Interference (Minor) at 14:52

3rd period

No Goal

Penalties :
Chandler Stephenson (ANH) for Holding (Minor) at 8:53

Goalie Stats

Jakub Dobes (SJS), 23 saves from 25 shots - (0.920), L, 4-6-0, 58:35 minutes
Linus Ullmark (ANH), 33 saves from 34 shots - (0.971), W, 18-5-3, 60:00 minutes

Players Stats for San Jose Sharks

Player Name              G  A  P  +/- PIM S  H  SB GA TA FO     MP     PP MP  PK MP  
------------------------------------------------------------------------------------
Adam Henrique            0  0  0  -1  0   0  2  1  1  2  5/14   16:31   1:08   2:18 
Alexander Wennberg       1  0  1   1  0   5  0  2  1  0  1/2    17:29   0:39   3:24 
Andrew Copp              0  0  0   0  0   1  0  0  1  0  3/8    13:56   0:00   0:15 
Anthony Beauvillier      0  0  0  -1  2   1  0  0  2  0  0/0    12:28   0:00   0:00 
Connor Murphy            0  0  0   1  2   1  3  0  0  0  0/0    22:46   0:53   1:58 
Ilya Mikheyev            0  0  0  -1  0   3  0  1  0  0  0/0    12:30   0:51   0:00 
Jake Middleton           0  0  0   0  0   0  0  1  2  0  0/0    20:32   1:06   2:32 
Joel Edmundson           0  0  0   1  0   3  0  0  0  0  0/0    23:46   0:53   2:58 
Luke Glendening          0  0  0  -1  0   1  1  0  0  0  2/5    11:50   0:00   0:00 
Marcus Pettersson        0  0  0   0  0   2  1  2  0  2  0/0    20:32   1:06   2:32 
Mattias Janmark          0  0  0   0  0   0  1  0  0  0  0/0    13:13   0:35   0:15 
Mattias Samuelsson       0  0  0  -2  0   0  0  1  0  1  0/0    15:56   0:00   0:41 
Max Domi                 0  0  0   0  0   1  0  2  3  0  0/0    14:18   0:00   0:00 
Morgan Frost             0  0  0   0  0   1  0  1  0  0  7/10   13:15   0:28   0:00 
Morgan Geekie            0  1  1   0  0   10 2  0  1  0  2/5    17:38   1:08   3:24 
Oliver Ekman-Larsson     0  0  0  -1  2   0  1  0  0  0  0/0    17:14   0:00   1:13 
Owen Tippett             0  0  0  -1  0   5  2  1  1  1  1/1    16:25   1:08   2:18 
Peyton Krebs             0  0  0   0  0   0  4  0  1  0  0/0    13:41   0:00   0:00 

Players Stats for Anaheim Ducks

Player Name              G  A  P  +/- PIM S  H  SB GA TA FO     MP     PP MP  PK MP  
------------------------------------------------------------------------------------
Alex Killorn             0  0  0   0  0   1  2  0  0  1  0/2    15:00   0:00   0:11 
Brayden Schenn           0  0  0   0  0   3  2  0  0  0  0/0    16:34   2:41   0:14 
Brenden Dillon           0  0  0   1  0   1  2  1  0  1  0/0    15:58   0:00   0:56 
Chandler Stephenson      0  0  0   0  2   3  4  0  1  1  3/4    15:20   0:00   0:00 
Conor Geekie             0  0  0   1  0   0  0  0  0  0  0/0     8:59   0:00   0:00 
Esa Lindell              0  0  0   1  0   0  1  1  0  2  0/0    20:17   0:00   1:05 
Ivan Provorov            0  0  0  -1  0   0  1  4  0  2  0/0    21:47   2:53   1:03 
J.T. Compher             0  0  0   0  0   4  2  0  0  1  3/4    15:04   0:00   0:14 
John Tavares             1  0  1   0  0   1  2  1  0  1  6/9    18:25   3:16   1:03 
Joshua Morrissey         0  0  0   0  0   2  1  0  0  1  0/0    19:25   3:04   0:00 
Mark Scheifele           0  0  0   0  0   1  1  0  1  1  8/17   17:35   2:41   0:42 
Mason Marchment          0  0  0   0  0   0  0  0  1  0  1/1    16:53   2:41   0:00 
Morgan Rielly            0  1  1   1  0   0  0  0  1  1  0/0    22:15   3:04   0:00 
Nazem Kadri              0  0  0   0  0   3  4  0  0  0  1/3    18:25   3:16   1:03 
Parker Kelly             0  0  0   1  0   0  0  0  1  0  1/2     8:56   0:00   0:00 
Philip Broberg           0  0  0   0  0   0  1  3  1  0  0/0    20:18   2:53   0:54 
Will Cuylle              1  0  1   1  0   1  1  0  0  0  0/1     8:56   0:00   0:00 
William Nylander         0  1  1   0  0   5  2  1  0  1  1/2    17:53   3:16   0:31 

3 Stars

1 - Linus Ullmark (ANH)
2 - Will Cuylle (ANH)
3 - John Tavares (ANH)

Power Play

San Jose Sharks - 0 on 1 Attempt(s) - 0.00%
Anaheim Ducks - 0 on 3 Attempt(s) - 0.00%

Penalty Kill

San Jose Sharks - 3 on 3 Attempt(s) - 100.00% - Score 0 goal in Penalty Kill
Anaheim Ducks - 1 on 1 Attempt(s) - 100.00% - Score 0 goal in Penalty Kill

Team Stat

San Jose Sharks - Hits : 17 - Faceoff Wins : 21 - Blocked Shots : 12 - Penalty Minutes : 6
Anaheim Ducks - Hits : 26 - Faceoff Wins : 24 - Blocked Shots : 11 - Penalty Minutes : 2

Official

Referees : Jon Mcisaac and Furman South
Linesman : Mark Shewchyk and Mitchell Hunt

Game Notes

No Game Note

Finance

Level 1 -- Attendance: 4303 (71.72%) -- Ticket Income $430,300
Level 2 -- Attendance: 3634 (72.68%) -- Ticket Income $218,040
Level 3 -- Attendance: 2100 (70.00%) -- Ticket Income $96,600
Level 4 -- Attendance: 4052 (81.04%) -- Ticket Income $101,300
Luxury Box -- Attendance: 734 (73.40%) -- Ticket Income $146,800
Game was played at the Honda Center.
Total Attendance: 14823 (74.12%)
Total Ticket Income: $993,040
Other Income: $347,564
Total Income: $1,340,604

San Jose Sharks

5 vs 5 Forward 
   Center                   Left Wing                Right Wing               Time % Phy DF OF 
 1 Adam Henrique            Owen Tippett             Morgan Geekie            30     1   2  2  
 2 Morgan Frost             Alexander Wennberg       Mattias Janmark          30     1   2  2  
 3 Andrew Copp              Peyton Krebs             Max Domi                 25     1   2  2  
 4 Luke Glendening          Anthony Beauvillier      Ilya Mikheyev            15     1   2  2  

5 vs 5 Defense 
   Defense                  Defense                                           Time % Phy DF OF 
 1 Joel Edmundson           Connor Murphy                                     30     1   2  2  
 2 Jake Middleton           Marcus Pettersson                                 30     1   2  2  
 3 Mattias Samuelsson       Oliver Ekman-Larsson                              25     1   2  2  
 4 Joel Edmundson           Connor Murphy                                     15     1   2  2  

PowerPlay Forward 
   Center                   Left Wing                Right Wing               Time % Phy DF OF 
 1 Adam Henrique            Owen Tippett             Morgan Geekie            50     1   2  2  
 2 Alexander Wennberg       Ilya Mikheyev            Mattias Janmark          50     1   2  2  

PowerPlay Defense
   Defense                  Defense                                           Time % Phy DF OF 
 1 Joel Edmundson           Connor Murphy                                     50     1   2  2  
 2 Jake Middleton           Marcus Pettersson                                 50     1   2  2  

Penalty Kill 4 Players Forward 
   Center                   Wing                     Time % Phy DF OF 
 1 Adam Henrique            Owen Tippett             50     1   2  2  
 2 Alexander Wennberg       Morgan Geekie            50     1   2  2  

Penalty Kill 4 Players Defense
   Defense                  Defense                  Time % Phy DF OF 
 1 Joel Edmundson           Connor Murphy            50     1   2  2  
 2 Jake Middleton           Marcus Pettersson        50     1   2  2  

Penalty Kill - 3 Players Forward 
   Forward                                           Time % Phy DF OF 
 1 Adam Henrique                                     50     1   2  2  
 2 Morgan Geekie                                     50     1   2  2  

Penalty Kill - 3 Players Defense
   Defense                  Defense                  Time % Phy DF OF 
 1 Joel Edmundson           Connor Murphy            50     1   2  2  
 2 Jake Middleton           Marcus Pettersson        50     1   2  2  

4 vs 4 Forward 
   Center                   Wing                     Time % Phy DF OF 
 1 Adam Henrique            Owen Tippett             50     1   2  2  
 2 Alexander Wennberg       Morgan Geekie            50     1   2  2  

4 vs 4 Defense
   Defense                  Defense                  Time % Phy DF OF 
 1 Joel Edmundson           Connor Murphy            50     1   2  2  
 2 Jake Middleton           Marcus Pettersson        50     1   2  2  

Last Minutes Offensive
   Center                   Left Wing                Right Wing               Defense                  Defense                  
   Morgan Geekie            Owen Tippett             Adam Henrique            Joel Edmundson           Connor Murphy            

Last Minutes Defensive
   Center                   Left Wing                Right Wing               Defense                  Defense                  
   Morgan Geekie            Owen Tippett             Adam Henrique            Joel Edmundson           Connor Murphy            

Goaltenders
Starting : Jakub Dobes              
Backup : Adin Hill                

Extra Forwards
Normal : Morgan Geekie, Max Domi, Owen Tippett - PP : Morgan Frost, Max Domi - PK : Andrew Copp
Extra Defensemen
Normal : Mattias Samuelsson, Oliver Ekman-Larsson, Jake Middleton - PP : Mattias Samuelsson - PK : Oliver Ekman-Larsson, Jake Middleton
Penalty Shots
Morgan Geekie, Owen Tippett, Alexander Wennberg, Adam Henrique, Morgan Frost

Scratches
Travis Boyd (Healthy), Zach Whitecloud (Healthy), Andre Burakovsky (Healthy)

Anaheim Ducks

5 vs 5 Forward 
   Center                   Left Wing                Right Wing               Time % Phy DF OF 
 1 John Tavares             Nazem Kadri              William Nylander         35     1   2  2  
 2 Mark Scheifele           Chandler Stephenson      Mason Marchment          35     1   2  2  
 3 J.T. Compher             Alex Killorn             Brayden Schenn           20     1   2  2  
 4 Parker Kelly             Will Cuylle              Conor Geekie             10     1   1  3  

5 vs 5 Defense 
   Defense                  Defense                                           Time % Phy DF OF 
 1 Esa Lindell              Morgan Rielly                                     37     1   2  2  
 2 Joshua Morrissey         Ivan Provorov                                     33     1   2  2  
 3 Philip Broberg           Brenden Dillon                                    30     1   2  2  
 4 Esa Lindell              Ivan Provorov                                     0      1   2  2  

PowerPlay Forward 
   Center                   Left Wing                Right Wing               Time % Phy DF OF 
 1 John Tavares             Nazem Kadri              William Nylander         50     1   0  4  
 2 Mark Scheifele           Mason Marchment          Brayden Schenn           50     1   0  4  

PowerPlay Defense
   Defense                  Defense                                           Time % Phy DF OF 
 1 Joshua Morrissey         Morgan Rielly                                     60     1   1  3  
 2 Ivan Provorov            Philip Broberg                                    40     1   2  2  

Penalty Kill 4 Players Forward 
   Center                   Wing                     Time % Phy DF OF 
 1 Chandler Stephenson      J.T. Compher             60     1   3  1  
 2 Brayden Schenn           Alex Killorn             40     1   3  1  

Penalty Kill 4 Players Defense
   Defense                  Defense                  Time % Phy DF OF 
 1 Esa Lindell              Ivan Provorov            60     1   4  0  
 2 Brenden Dillon           Philip Broberg           40     1   4  0  

Penalty Kill - 3 Players Forward 
   Forward                                           Time % Phy DF OF 
 1 Chandler Stephenson                               55     1   4  0  
 2 J.T. Compher                                      45     1   4  0  

Penalty Kill - 3 Players Defense
   Defense                  Defense                  Time % Phy DF OF 
 1 Esa Lindell              Ivan Provorov            60     1   4  0  
 2 Brenden Dillon           Philip Broberg           40     1   4  0  

4 vs 4 Forward 
   Center                   Wing                     Time % Phy DF OF 
 1 John Tavares             William Nylander         50     1   1  3  
 2 Mark Scheifele           Nazem Kadri              50     1   1  3  

4 vs 4 Defense
   Defense                  Defense                  Time % Phy DF OF 
 1 Esa Lindell              Morgan Rielly            60     1   2  2  
 2 Brenden Dillon           Ivan Provorov            40     1   2  2  

Last Minutes Offensive
   Center                   Left Wing                Right Wing               Defense                  Defense                  
   John Tavares             Nazem Kadri              William Nylander         Joshua Morrissey         Morgan Rielly            

Last Minutes Defensive
   Center                   Left Wing                Right Wing               Defense                  Defense                  
   Chandler Stephenson      Alex Killorn             J.T. Compher             Ivan Provorov            Esa Lindell              

Goaltenders
Starting : Linus Ullmark            
Backup : Alexandar Georgiev       

Extra Forwards
Normal : William Nylander, John Tavares, Mark Scheifele - PP : William Nylander, Mark Scheifele - PK : Chandler Stephenson
Extra Defensemen
Normal : Esa Lindell, Ivan Provorov, Morgan Rielly - PP : Morgan Rielly - PK : Esa Lindell, Ivan Provorov
Penalty Shots
Chandler Stephenson, Mark Scheifele, Brayden Schenn, Alex Killorn, William Nylander

Scratches
None


% Time on Ice - San Jose Sharks

Lines # - Real PCT - Wanted PCT - Time Play
Normal Forward
1 - 23% - 30% - 11:52
2 - 27% - 30% - 13:34
3 - 27% - 25% - 13:41
4 - 23% - 15% - 11:50
Normal Defense
1 - 27% - 30% - 13:39
2 - 33% - 30% - 16:54
3 - 29% - 25% - 14:46
4 - 11% - 15% - 5:38
PP Forward
1 - 57% - 50% - 1:08
2 - 43% - 50% - 0:51
PP Defense
1 - 45% - 50% - 0:53
2 - 55% - 50% - 1:06
PK Forward
1 - 43% - 50% - 2:33
2 - 57% - 50% - 3:24
PK Defense
1 - 57% - 50% - 3:25
2 - 43% - 50% - 2:32
PK3 Forward
1 - 0% - 50%
2 - 0% - 50%
PK3 Defense
1 - 0% - 50%
2 - 0% - 50%
44 Forward
1 - 0% - 50%
2 - 0% - 50%
44 Defense
1 - 0% - 50%
2 - 0% - 50%
Last Minute Offensive  - 1:07
Last Minute Defensive  - 0:00
Total
Forward - 60:00
Defense - 60:00

% Time on Ice - Anaheim Ducks

Lines # - Real PCT - Wanted PCT - Time Play
Normal Forward
1 - 28% - 35% - 14:07
2 - 28% - 35% - 14:12
3 - 27% - 20% - 13:41
4 - 18% - 10% - 8:56
Normal Defense
1 - 35% - 37% - 18:04
2 - 35% - 33% - 18:02
3 - 29% - 30% - 14:50
4 - 0% - 0% - 0:00
PP Forward
1 - 55% - 50% - 3:16
2 - 45% - 50% - 2:41
PP Defense
1 - 52% - 60% - 3:04
2 - 48% - 40% - 2:53
PK Forward
1 - 100% - 60% - 1:59
2 - 0% - 40% - 0:00
PK Defense
1 - 55% - 60% - 1:05
2 - 45% - 40% - 0:54
PK3 Forward
1 - 0% - 55%
2 - 0% - 45%
PK3 Defense
1 - 0% - 60%
2 - 0% - 40%
44 Forward
1 - 0% - 50%
2 - 0% - 50%
44 Defense
1 - 0% - 60%
2 - 0% - 40%
Last Minute Offensive  - 0:00
Last Minute Defensive  - 1:08
Total
Forward - 60:00
Defense - 60:00

Play-by-Play

1st period


0:01 of 1st period - Nazem Kadri wins face-off versus Morgan Geekie in neutral zone.
0:04 of 1st period - Snap shot by William Nylander.
0:04 of 1st period - Stopped by Jakub Dobes with a rebound.
0:32 of 1st period - Wrist shot by Mark Scheifele.
0:32 of 1st period - Shot Blocked by Alexander Wennberg.
0:34 of 1st period - Slapshot by Chandler Stephenson.
0:34 of 1st period - Stopped by Jakub Dobes without a rebound.
0:35 of 1st period - J.T. Compher wins face-off versus Andrew Copp in San Jose Sharks zone.
0:57 of 1st period - Icing by Peyton Krebs.
0:58 of 1st period - Andrew Copp wins face-off versus Parker Kelly in San Jose Sharks zone.
1:09 of 1st period - Snap shot by Ilya Mikheyev.
1:09 of 1st period - Stopped by Linus Ullmark without a rebound.
1:10 of 1st period - Mark Scheifele wins face-off versus Morgan Frost in Anaheim Ducks zone.
2:02 of 1st period - Icing by Andrew Copp.
2:03 of 1st period - J.T. Compher wins face-off versus Andrew Copp in San Jose Sharks zone.
2:24 of 1st period - Snap shot by Andrew Copp.
2:24 of 1st period - Shot Misses the Net.
2:30 of 1st period - Wrist shot by Max Domi.
2:30 of 1st period - Stopped by Linus Ullmark with a rebound.
3:03 of 1st period - Slapshot by J.T. Compher.
3:03 of 1st period - Stopped by Jakub Dobes with a rebound.
3:28 of 1st period - Snap shot by J.T. Compher.
3:28 of 1st period - Deflect By Jake Middleton.
3:28 of 1st period - Stopped by Jakub Dobes without a rebound.
3:29 of 1st period - Mark Scheifele wins face-off versus Morgan Frost in San Jose Sharks zone.
3:54 of 1st period - Joel Edmundson is hit by William Nylander.
4:02 of 1st period - Wrist shot by William Nylander.
4:02 of 1st period - Shot Misses the Net.
4:04 of 1st period - Backhand shot by John Tavares.
4:04 of 1st period - Goal by John Tavares - San Jose Sharks : 0 - Anaheim Ducks : 1.
4:05 of 1st period - Mark Scheifele wins face-off versus Adam Henrique in neutral zone.
4:16 of 1st period - Snap shot by Mason Marchment.
4:16 of 1st period - Shot Misses the Net.
4:18 of 1st period - Slapshot by Esa Lindell.
4:18 of 1st period - Shot Blocked by Owen Tippett.
5:14 of 1st period - Chandler Stephenson is hit by Adam Henrique and loses puck.
5:57 of 1st period - Wrist shot by Morgan Frost.
5:57 of 1st period - Stopped by Linus Ullmark with a rebound.
6:07 of 1st period - Wrist shot by Morgan Geekie.
6:07 of 1st period - Shot Blocked by Ivan Provorov.
6:09 of 1st period - Snap shot by Adam Henrique.
6:09 of 1st period - Shot Hit the Post.
6:27 of 1st period - Esa Lindell is hit by Peyton Krebs and loses puck.
7:32 of 1st period - Adam Henrique is hit by Esa Lindell and loses puck.
7:41 of 1st period - Snap shot by Morgan Geekie.
7:41 of 1st period - Stopped by Linus Ullmark with a rebound.
7:43 of 1st period - Backhand shot by Marcus Pettersson.
7:43 of 1st period - Deflect By Morgan Rielly.
7:43 of 1st period - Stopped by Linus Ullmark with a rebound.
7:55 of 1st period - Andrew Copp is hit by Chandler Stephenson and loses puck.
8:01 of 1st period - Off-side.
8:02 of 1st period - Morgan Frost wins face-off versus John Tavares in neutral zone.
8:07 of 1st period - Snap shot by Mattias Janmark.
8:07 of 1st period - Shot Misses the Net.
8:13 of 1st period - Nazem Kadri is hit by Connor Murphy and loses puck.
8:35 of 1st period - Slapshot by Mason Marchment.
8:35 of 1st period - Shot Misses the Net.
9:28 of 1st period - Snap shot by Ilya Mikheyev.
9:28 of 1st period - Shot Misses the Net.
9:45 of 1st period - Icing by Anthony Beauvillier.
9:46 of 1st period - Mark Scheifele wins face-off versus Luke Glendening in San Jose Sharks zone.
10:11 of 1st period - Wrist shot by Luke Glendening.
10:11 of 1st period - Stopped by Linus Ullmark with a rebound.
10:15 of 1st period - Wrist shot by Ilya Mikheyev.
10:15 of 1st period - Stopped by Linus Ullmark with a rebound.
10:31 of 1st period - Snap shot by Anthony Beauvillier.
10:31 of 1st period - Shot Blocked by Brenden Dillon.
10:33 of 1st period - Wrist shot by Oliver Ekman-Larsson.
10:33 of 1st period - Shot Misses the Net.
10:35 of 1st period - Backhand shot by Ilya Mikheyev.
10:35 of 1st period - Shot Misses the Net.
11:09 of 1st period - Nazem Kadri is hit by Luke Glendening and loses puck.
11:30 of 1st period - Slapshot by Ilya Mikheyev.
11:30 of 1st period - Shot Misses the Net.
11:32 of 1st period - Slapshot by Ilya Mikheyev.
11:32 of 1st period - Deflect By Anthony Beauvillier.
11:32 of 1st period - Shot Misses the Net.
11:32 of 1st period - Puck is out of play.
11:33 of 1st period - Morgan Frost wins face-off versus Mark Scheifele in Anaheim Ducks zone.
11:40 of 1st period - Wrist shot by Alexander Wennberg.
11:40 of 1st period - Deflect By Morgan Frost.
11:40 of 1st period - Shot Misses the Net.
11:40 of 1st period - Puck is out of play.
11:41 of 1st period - Morgan Frost wins face-off versus Mark Scheifele in Anaheim Ducks zone.
12:52 of 1st period - Snap shot by Mattias Janmark.
12:52 of 1st period - Shot Misses the Net.
13:02 of 1st period - Wrist shot by Morgan Geekie.
13:02 of 1st period - Stopped by Linus Ullmark with a rebound.
13:28 of 1st period - Parker Kelly is hit by Marcus Pettersson.
14:33 of 1st period - Snap shot by Mark Scheifele.
14:33 of 1st period - Stopped by Jakub Dobes without a rebound.
14:34 of 1st period - Adam Henrique wins face-off versus Mark Scheifele in San Jose Sharks zone.
14:40 of 1st period - Off-side.
14:41 of 1st period - Mark Scheifele wins face-off versus Adam Henrique in neutral zone.
15:48 of 1st period - Wrist shot by Mason Marchment.
15:48 of 1st period - Shot Blocked by Max Domi.
16:06 of 1st period - Wrist shot by Andrew Copp.
16:06 of 1st period - Stopped by Linus Ullmark without a rebound.
16:07 of 1st period - Adam Henrique wins face-off versus Will Cuylle in Anaheim Ducks zone.
16:08 of 1st period - Snap shot by Owen Tippett.
16:08 of 1st period - Deflect By Parker Kelly.
16:08 of 1st period - Stopped by Linus Ullmark with a rebound.
16:40 of 1st period - Slapshot by Will Cuylle.
16:40 of 1st period - Goal by Will Cuylle - San Jose Sharks : 0 - Anaheim Ducks : 2.
16:41 of 1st period - Mark Scheifele wins face-off versus Morgan Frost in neutral zone.
16:46 of 1st period - Wrist shot by Mark Scheifele.
16:46 of 1st period - Shot Blocked by Morgan Frost.
17:08 of 1st period - Nazem Kadri is hit by Owen Tippett and loses puck.
17:32 of 1st period - Icing by Brayden Schenn.
17:33 of 1st period - Luke Glendening wins face-off versus Alex Killorn in Anaheim Ducks zone.
17:34 of 1st period - Snap shot by Ilya Mikheyev.
17:34 of 1st period - Stopped by Linus Ullmark with a rebound.
18:01 of 1st period - Snap shot by Anthony Beauvillier.
18:01 of 1st period - Shot Misses the Net.
18:03 of 1st period - Slapshot by Joel Edmundson.
18:03 of 1st period - Stopped by Linus Ullmark with a rebound.
18:05 of 1st period - Slapshot by Joel Edmundson.
18:05 of 1st period - Shot Blocked by William Nylander.
18:13 of 1st period - Snap shot by Ilya Mikheyev.
18:13 of 1st period - Deflect By Esa Lindell.
18:13 of 1st period - Shot Blocked by Esa Lindell.
18:13 of 1st period - Puck is out of play.
18:14 of 1st period - Morgan Frost wins face-off versus Mark Scheifele in Anaheim Ducks zone.
18:27 of 1st period - Snap shot by Chandler Stephenson.
18:27 of 1st period - Shot Misses the Net.
18:29 of 1st period - Slapshot by Ivan Provorov.
18:29 of 1st period - Shot Misses the Net.
18:31 of 1st period - Snap shot by Chandler Stephenson.
18:31 of 1st period - Shot Blocked by Alexander Wennberg.
18:41 of 1st period - Wrist shot by William Nylander.
18:41 of 1st period - Shot Blocked by Adam Henrique.
Goals for this period are 0 for San Jose Sharks vs 2 for Anaheim Ducks.
Shots for this period are 12 for San Jose Sharks vs 7 for Anaheim Ducks.

2nd period


0:01 of 2nd period - Morgan Frost wins face-off versus Mark Scheifele in neutral zone.
0:03 of 2nd period - Minor Penalty to Connor Murphy for Hooking.
0:04 of 2nd period - Adam Henrique wins face-off versus John Tavares in San Jose Sharks zone.
0:04 of 2nd period - Adam Henrique is hit by Nazem Kadri.
0:19 of 2nd period - Snap shot by John Tavares.
0:19 of 2nd period - Shot Misses the Net.
0:31 of 2nd period - Mark Scheifele is hit by Owen Tippett and loses puck.
2:03 of 2nd period - Penalty to Connor Murphy is over, Connor Murphy is back on ice.
2:19 of 2nd period - Wrist shot by Max Domi.
2:19 of 2nd period - Shot Blocked by Ivan Provorov.
4:33 of 2nd period - Morgan Rielly is hit by Peyton Krebs and loses puck.
4:40 of 2nd period - Snap shot by Peyton Krebs.
4:40 of 2nd period - Shot Misses the Net.
4:52 of 2nd period - Joel Edmundson is hit by J.T. Compher and loses puck.
5:03 of 2nd period - Brenden Dillon is hit by Morgan Geekie and loses puck.
5:48 of 2nd period - Slapshot by Alexander Wennberg.
5:48 of 2nd period - Stopped by Linus Ullmark with a rebound.
6:10 of 2nd period - Slapshot by J.T. Compher.
6:10 of 2nd period - Shot Blocked by Ilya Mikheyev.
6:12 of 2nd period - Snap shot by J.T. Compher.
6:12 of 2nd period - Deflect By Brayden Schenn.
6:12 of 2nd period - Shot Misses the Net.
6:12 of 2nd period - Puck is out of play.
6:13 of 2nd period - Chandler Stephenson wins face-off versus Adam Henrique in San Jose Sharks zone.
6:43 of 2nd period - Wrist shot by William Nylander.
6:43 of 2nd period - Stopped by Jakub Dobes without a rebound.
6:44 of 2nd period - Morgan Frost wins face-off versus Nazem Kadri in San Jose Sharks zone.
6:51 of 2nd period - Snap shot by John Tavares.
6:51 of 2nd period - Shot Blocked by Mattias Samuelsson.
6:53 of 2nd period - Slapshot by Ivan Provorov.
6:53 of 2nd period - Shot Misses the Net.
6:55 of 2nd period - Slapshot by Nazem Kadri.
6:55 of 2nd period - Stopped by Jakub Dobes with a rebound.
6:57 of 2nd period - Snap shot by William Nylander.
6:57 of 2nd period - Stopped by Jakub Dobes with a rebound.
7:02 of 2nd period - Minor Penalty to Oliver Ekman-Larsson for Roughing.
7:03 of 2nd period - Mark Scheifele wins face-off versus Alexander Wennberg in San Jose Sharks zone.
7:11 of 2nd period - Snap shot by Brayden Schenn.
7:11 of 2nd period - Stopped by Jakub Dobes without a rebound.
7:12 of 2nd period - Alexander Wennberg wins face-off versus Mark Scheifele in San Jose Sharks zone.
7:49 of 2nd period - Slapshot by Alexander Wennberg.
7:49 of 2nd period - Shot Misses the Net.
7:51 of 2nd period - Snap shot by Joel Edmundson.
7:51 of 2nd period - Stopped by Linus Ullmark without a rebound.
7:52 of 2nd period - John Tavares wins face-off versus Morgan Geekie in Anaheim Ducks zone.
7:59 of 2nd period - Wrist shot by Morgan Geekie.
7:59 of 2nd period - Shot Blocked by Philip Broberg.
8:13 of 2nd period - Wrist shot by Morgan Geekie.
8:13 of 2nd period - Shot Misses the Net.
8:15 of 2nd period - Slapshot by Joel Edmundson.
8:15 of 2nd period - Shot Blocked by John Tavares.
8:17 of 2nd period - Snap shot by Alexander Wennberg.
8:17 of 2nd period - Stopped by Linus Ullmark with a rebound.
8:19 of 2nd period - Snap shot by Alexander Wennberg.
8:19 of 2nd period - Stopped by Linus Ullmark with a rebound.
8:21 of 2nd period - Slapshot by Connor Murphy.
8:21 of 2nd period - Shot Misses the Net.
8:23 of 2nd period - Snap shot by Alexander Wennberg.
8:23 of 2nd period - Shot Hit the Post.
8:25 of 2nd period - Wrist shot by Morgan Geekie.
8:25 of 2nd period - Stopped by Linus Ullmark with a rebound.
8:27 of 2nd period - Snap shot by Alexander Wennberg.
8:27 of 2nd period - Deflect By Morgan Geekie.
8:27 of 2nd period - Stopped by Linus Ullmark with a rebound.
8:29 of 2nd period - Snap shot by Alexander Wennberg.
8:29 of 2nd period - Shot Misses the Net.
8:31 of 2nd period - Slapshot by Connor Murphy.
8:31 of 2nd period - Shot Misses the Net.
8:33 of 2nd period - Slapshot by Joel Edmundson.
8:33 of 2nd period - Shot Blocked by Ivan Provorov.
8:35 of 2nd period - Slapshot by Connor Murphy.
8:35 of 2nd period - Shot Blocked by Philip Broberg.
8:37 of 2nd period - Slapshot by Joel Edmundson.
8:37 of 2nd period - Stopped by Linus Ullmark with a rebound.
8:49 of 2nd period - Snap shot by Alexander Wennberg.
8:49 of 2nd period - Shot Blocked by Ivan Provorov.
8:51 of 2nd period - Wrist shot by Morgan Geekie.
8:51 of 2nd period - Shot Misses the Net.
9:02 of 2nd period - Penalty to Oliver Ekman-Larsson is over, Oliver Ekman-Larsson is back on ice.
9:48 of 2nd period - Snap shot by Alexander Wennberg.
9:48 of 2nd period - Deflect By William Nylander.
9:48 of 2nd period - Goal by Alexander Wennberg - San Jose Sharks : 1 - Anaheim Ducks : 2.
9:49 of 2nd period - Andrew Copp wins face-off versus Mark Scheifele in neutral zone.
9:52 of 2nd period - Snap shot by Chandler Stephenson.
9:52 of 2nd period - Stopped by Jakub Dobes without a rebound.
9:53 of 2nd period - Mason Marchment wins face-off versus Andrew Copp in San Jose Sharks zone.
10:25 of 2nd period - Icing by Morgan Rielly.
10:26 of 2nd period - Luke Glendening wins face-off versus J.T. Compher in Anaheim Ducks zone.
11:11 of 2nd period - Snap shot by J.T. Compher.
11:11 of 2nd period - Shot Misses the Net.
11:13 of 2nd period - Snap shot by Morgan Rielly.
11:13 of 2nd period - Deflect By Brayden Schenn.
11:13 of 2nd period - Shot Hit the Post.
11:13 of 2nd period - Puck is out of play.
11:14 of 2nd period - Andrew Copp wins face-off versus Mark Scheifele in San Jose Sharks zone.
11:19 of 2nd period - Snap shot by Andrew Copp.
11:19 of 2nd period - Shot Blocked by Philip Broberg.
11:29 of 2nd period - Slapshot by Mason Marchment.
11:29 of 2nd period - Deflect By Chandler Stephenson.
11:29 of 2nd period - Shot Blocked by Max Domi.
11:29 of 2nd period - Puck is out of play.
11:30 of 2nd period - Owen Tippett wins face-off versus William Nylander in San Jose Sharks zone.
11:39 of 2nd period - Wrist shot by Owen Tippett.
11:39 of 2nd period - Shot Misses the Net.
11:41 of 2nd period - Wrist shot by Owen Tippett.
11:41 of 2nd period - Shot Misses the Net.
11:43 of 2nd period - Backhand shot by Connor Murphy.
11:43 of 2nd period - Stopped by Linus Ullmark without a rebound.
11:44 of 2nd period - Chandler Stephenson wins face-off versus Adam Henrique in Anaheim Ducks zone.
12:09 of 2nd period - John Tavares is hit by Peyton Krebs.
12:12 of 2nd period - Off-side.
12:13 of 2nd period - John Tavares wins face-off versus Andrew Copp in neutral zone.
13:43 of 2nd period - Esa Lindell is hit by Connor Murphy and loses puck.
14:42 of 2nd period - Off-side.
14:43 of 2nd period - Parker Kelly wins face-off versus Luke Glendening in neutral zone.
14:50 of 2nd period - Slapshot by Parker Kelly.
14:50 of 2nd period - Shot Misses the Net.
14:52 of 2nd period - Minor Penalty to Anthony Beauvillier for Interference.
14:53 of 2nd period - Adam Henrique wins face-off versus Mark Scheifele in San Jose Sharks zone.
16:43 of 2nd period - Andrew Copp is hit by Nazem Kadri and loses puck.
16:52 of 2nd period - Penalty to Anthony Beauvillier is over, Anthony Beauvillier is back on ice.
17:08 of 2nd period - Slapshot by Philip Broberg.
17:08 of 2nd period - Shot Misses the Net.
17:52 of 2nd period - Slapshot by Alexander Wennberg.
17:52 of 2nd period - Stopped by Linus Ullmark with a rebound.
19:15 of 2nd period - Parker Kelly is hit by Connor Murphy.
19:25 of 2nd period - Mattias Samuelsson is hit by Chandler Stephenson and loses puck.
19:32 of 2nd period - Chandler Stephenson is hit by Oliver Ekman-Larsson and loses puck.
19:45 of 2nd period - Max Domi is hit by J.T. Compher and loses puck.
Goals for this period are 1 for San Jose Sharks vs 0 for Anaheim Ducks.
Shots for this period are 10 for San Jose Sharks vs 5 for Anaheim Ducks.

3rd period


0:01 of 3rd period - Mark Scheifele wins face-off versus Adam Henrique in neutral zone.
0:08 of 3rd period - Owen Tippett is hit by Chandler Stephenson and loses puck.
0:15 of 3rd period - Snap shot by Mark Scheifele.
0:15 of 3rd period - Deflect By Chandler Stephenson.
0:15 of 3rd period - Stopped by Jakub Dobes with a rebound.
0:17 of 3rd period - Backhand shot by Brenden Dillon.
0:17 of 3rd period - Stopped by Jakub Dobes with a rebound.
0:27 of 3rd period - Morgan Frost is hit by John Tavares and loses puck.
1:37 of 3rd period - Wrist shot by Morgan Geekie.
1:37 of 3rd period - Stopped by Linus Ullmark with a rebound.
1:48 of 3rd period - Icing by Mark Scheifele.
1:49 of 3rd period - Morgan Frost wins face-off versus John Tavares in Anaheim Ducks zone.
1:54 of 3rd period - Wrist shot by Morgan Frost.
1:54 of 3rd period - Shot Misses the Net.
1:56 of 3rd period - Slapshot by Marcus Pettersson.
1:56 of 3rd period - Deflect By Nazem Kadri.
1:56 of 3rd period - Stopped by Linus Ullmark with a rebound.
2:04 of 3rd period - Snap shot by Mattias Janmark.
2:04 of 3rd period - Shot Misses the Net.
3:28 of 3rd period - Snap shot by Chandler Stephenson.
3:28 of 3rd period - Shot Blocked by Marcus Pettersson.
3:42 of 3rd period - Slapshot by William Nylander.
3:42 of 3rd period - Stopped by Jakub Dobes with a rebound.
3:44 of 3rd period - Snap shot by John Tavares.
3:44 of 3rd period - Deflect By Nazem Kadri.
3:44 of 3rd period - Shot Blocked by Marcus Pettersson.
3:44 of 3rd period - Puck is out of play.
3:45 of 3rd period - John Tavares wins face-off versus Adam Henrique in San Jose Sharks zone.
3:52 of 3rd period - Snap shot by Nazem Kadri.
3:52 of 3rd period - Stopped by Jakub Dobes without a rebound.
3:53 of 3rd period - John Tavares wins face-off versus Adam Henrique in San Jose Sharks zone.
3:54 of 3rd period - Wrist shot by Nazem Kadri.
3:54 of 3rd period - Stopped by Jakub Dobes with a rebound.
3:56 of 3rd period - Snap shot by William Nylander.
3:56 of 3rd period - Stopped by Jakub Dobes without a rebound.
3:57 of 3rd period - William Nylander wins face-off versus Adam Henrique in San Jose Sharks zone.
4:10 of 3rd period - Snap shot by John Tavares.
4:10 of 3rd period - Shot Hit the Post.
4:24 of 3rd period - Mason Marchment is hit by Mattias Janmark and loses puck.
4:31 of 3rd period - Wrist shot by Brenden Dillon.
4:31 of 3rd period - Shot Misses the Net.
4:48 of 3rd period - Off-side.
4:49 of 3rd period - J.T. Compher wins face-off versus Andrew Copp in neutral zone.
4:58 of 3rd period - Snap shot by J.T. Compher.
4:58 of 3rd period - Deflect By Brayden Schenn.
4:58 of 3rd period - Stopped by Jakub Dobes with a rebound.
5:04 of 3rd period - Wrist shot by J.T. Compher.
5:04 of 3rd period - Stopped by Jakub Dobes with a rebound.
5:14 of 3rd period - Wrist shot by Alex Killorn.
5:14 of 3rd period - Deflect By J.T. Compher.
5:14 of 3rd period - Stopped by Jakub Dobes with a rebound.
5:49 of 3rd period - J.T. Compher is hit by Peyton Krebs and loses puck.
6:00 of 3rd period - Jake Middleton is hit by Joshua Morrissey and loses puck.
6:23 of 3rd period - Jake Middleton is hit by Alex Killorn.
6:38 of 3rd period - Wrist shot by Max Domi.
6:38 of 3rd period - Shot Misses the Net.
6:50 of 3rd period - Slapshot by Alex Killorn.
6:50 of 3rd period - Stopped by Jakub Dobes with a rebound.
7:00 of 3rd period - Wrist shot by Brayden Schenn.
7:00 of 3rd period - Shot Misses the Net.
7:02 of 3rd period - Snap shot by J.T. Compher.
7:02 of 3rd period - Shot Blocked by Jake Middleton.
7:04 of 3rd period - Slapshot by Joshua Morrissey.
7:04 of 3rd period - Stopped by Jakub Dobes with a rebound.
7:06 of 3rd period - Slapshot by Joshua Morrissey.
7:06 of 3rd period - Stopped by Jakub Dobes with a rebound.
7:08 of 3rd period - Snap shot by Joshua Morrissey.
7:08 of 3rd period - Shot Misses the Net.
7:10 of 3rd period - Wrist shot by Brayden Schenn.
7:10 of 3rd period - Stopped by Jakub Dobes without a rebound.
7:11 of 3rd period - John Tavares wins face-off versus Adam Henrique in San Jose Sharks zone.
7:16 of 3rd period - Slapshot by Nazem Kadri.
7:16 of 3rd period - Shot Misses the Net.
7:51 of 3rd period - Snap shot by Anthony Beauvillier.
7:51 of 3rd period - Stopped by Linus Ullmark with a rebound.
7:53 of 3rd period - Slapshot by Mattias Samuelsson.
7:53 of 3rd period - Shot Misses the Net.
8:09 of 3rd period - Mattias Samuelsson is hit by Chandler Stephenson and loses puck.
8:53 of 3rd period - Minor Penalty to Chandler Stephenson for Holding.
8:54 of 3rd period - Adam Henrique wins face-off versus Nazem Kadri in Anaheim Ducks zone.
8:58 of 3rd period - Wrist shot by Owen Tippett.
8:58 of 3rd period - Shot Misses the Net.
9:49 of 3rd period - Owen Tippett is hit by Brenden Dillon and loses puck.
10:53 of 3rd period - Penalty to Chandler Stephenson is over, Chandler Stephenson is back on ice.
11:16 of 3rd period - Max Domi is hit by Mark Scheifele and loses puck.
11:33 of 3rd period - Snap shot by Ilya Mikheyev.
11:33 of 3rd period - Shot Misses the Net.
11:45 of 3rd period - Slapshot by Chandler Stephenson.
11:45 of 3rd period - Shot Misses the Net.
11:59 of 3rd period - Connor Murphy is hit by Brenden Dillon and loses puck.
12:14 of 3rd period - Luke Glendening is hit by Nazem Kadri and loses puck.
12:58 of 3rd period - Morgan Frost is hit by Brayden Schenn and loses puck.
13:13 of 3rd period - Slapshot by Mattias Janmark.
13:13 of 3rd period - Shot Misses the Net.
13:41 of 3rd period - Wrist shot by Mason Marchment.
13:41 of 3rd period - Shot Misses the Net.
13:51 of 3rd period - Esa Lindell is hit by Adam Henrique and loses puck.
14:04 of 3rd period - Peyton Krebs is hit by William Nylander and loses puck.
14:48 of 3rd period - Alexander Wennberg is hit by Brayden Schenn.
15:03 of 3rd period - Adam Henrique is hit by John Tavares and loses puck.
15:19 of 3rd period - Oliver Ekman-Larsson is hit by Philip Broberg and loses puck.
15:52 of 3rd period - Max Domi is hit by Ivan Provorov and loses puck.
16:19 of 3rd period - Wrist shot by Anthony Beauvillier.
16:19 of 3rd period - Shot Misses the Net.
16:35 of 3rd period - Morgan Frost is hit by Will Cuylle and loses puck.
17:20 of 3rd period - Off-side.
17:21 of 3rd period - John Tavares wins face-off versus Luke Glendening in neutral zone.
17:26 of 3rd period - Luke Glendening is hit by Nazem Kadri and loses puck.
17:58 of 3rd period - Slapshot by Morgan Geekie.
17:58 of 3rd period - Stopped by Linus Ullmark with a rebound.
18:00 of 3rd period - Wrist shot by Morgan Geekie.
18:00 of 3rd period - Stopped by Linus Ullmark with a rebound.
18:14 of 3rd period - Marcus Pettersson is hit by Alex Killorn and loses puck.
18:35 of 3rd period - San Jose Sharks, Jakub Dobes is pulled from the net.
19:08 of 3rd period - Wrist shot by Owen Tippett.
19:08 of 3rd period - Stopped by Linus Ullmark with a rebound.
19:10 of 3rd period - Wrist shot by Morgan Geekie.
19:10 of 3rd period - Stopped by Linus Ullmark without a rebound.
19:11 of 3rd period - Jeff Blashill call a timeout for San Jose Sharks.
19:11 of 3rd period - Chandler Stephenson wins face-off versus Morgan Geekie in Anaheim Ducks zone.
19:11 of 3rd period - Chandler Stephenson is hit by Morgan Geekie.
19:25 of 3rd period - Slapshot by Owen Tippett.
19:25 of 3rd period - Stopped by Linus Ullmark with a rebound.
19:27 of 3rd period - Wrist shot by Owen Tippett.
19:27 of 3rd period - Stopped by Linus Ullmark without a rebound.
19:28 of 3rd period - Morgan Geekie wins face-off versus Alex Killorn in Anaheim Ducks zone.
19:43 of 3rd period - Wrist shot by Owen Tippett.
19:43 of 3rd period - Stopped by Linus Ullmark with a rebound.
19:45 of 3rd period - Snap shot by Morgan Geekie.
19:45 of 3rd period - Stopped by Linus Ullmark with a rebound.
19:47 of 3rd period - Slapshot by Morgan Geekie.
19:47 of 3rd period - Stopped by Linus Ullmark without a rebound.
19:48 of 3rd period - Morgan Geekie wins face-off versus Chandler Stephenson in Anaheim Ducks zone.
Goals for this period are 0 for San Jose Sharks vs 0 for Anaheim Ducks.
Shots for this period are 12 for San Jose Sharks vs 13 for Anaheim Ducks.